AoeStats
← Я не понимаю

Black Forest

509690532Analyzed
4v4 RM · 6d ago on Sep 27, 2026· 70m 28s· 8 players
Game mode
Random Map
Map size
Large (8 player)
Population
200
Speed
Normal
Resources
Standard
Victory
Conquest
Starting age
Dark Age
Ending age
Imperial Age
RankedLock teamsTeams togetherTeam positionsShared explorationLock speedFull tech treeHidden civsTurbo modeCheats
Victory
Defeat
🇬🇧 Bohemians · United Kingdom
1016
+15
🇬🇧 Varangians · United Kingdom
982
+16
🇬🇧 Goths · United Kingdom
981
+16
🇬🇧 Turks · United Kingdom
980
+16
🇿🇦 Ethiopians · South Africa
1081
-19
🇿🇦 Slavs · South Africa
965
-15
🇩🇪 Japanese · Germany
961
-15
🇿🇦 Persians · South Africa
938
-14
GummiMaster2
0:50 Loom
14:22 Feudal Age
14:48 Town Watch
18:19 Castle Age
17:03 Horse Collar
17:09 Double-Bit Axe
17:20 Stone Mining
18:43 Wheelbarrow
19:28 Fletching
23:48 Bow Saw
25:54 Caravan
28:43 Scale Barding Armor
28:48 Forging
29:01 Heavy Plow
33:46 Imperial Age
32:34 Chain Barding Armor
32:49 Iron Casting
33:25 Iron Casting
33:42 Scale Mail Armor
33:17 Vendel Legacy
34:14 Husbandry
34:28 Bloodlines
35:06 Gold Mining
35:52 Stone Shaft Mining
36:35 Blast Furnace
35:50 Chain Mail Armor
36:05 Chain Mail Armor
37:07 Plate Barding Armor
36:11 Gothikon
36:52 Arson
37:07 Squires
36:56 Gambesons
37:15 Cavalier
39:05 Plate Mail Armor
39:30 Conscription
38:49 Elite Varangian Guard
41:49 Pikeman
42:44 Halberdier
43:52 Murder Holes
44:33 Crop Rotation
46:53 Chemistry
45:56 Padded Archer Armor
47:41 Bodkin Arrow
56:14 Hand Cart
64:34 Elite Jarl
Emstree
1:43 Loom
13:27 Feudal Age
19:20 Castle Age
17:54 Double-Bit Axe
18:11 Gold Mining
25:21 Imperial Age
23:40 Fortified Wall
32:19 Bow Saw
32:51 Gold Shaft Mining
32:56 Fletching
33:07 Padded Archer Armor
33:30 Thumb Ring
33:40 Thumb Ring
39:08 Ballistics
39:07 Leather Archer Armor
44:18 Caravan
46:38 Two-Man Saw
46:15 Ring Archer Armor
45:41 Bodkin Arrow
46:08 Conscription
45:53 Artillery
46:16 Sipahi
57:09 Bracer
60:17 Fervor
60:29 Sanctity
60:48 Theocracy
Cabosh
8:29 Loom
12:56 Feudal Age
16:43 Castle Age
14:41 Double-Bit Axe
14:40 Horse Collar
18:42 Wheelbarrow
20:04 Bow Saw
19:55 Heavy Plow
22:17 Hand Cart
26:01 Stone Mining
26:41 Gold Mining
28:37 Stone Shaft Mining
31:16 Imperial Age
29:16 Scale Mail Armor
29:27 Forging
29:16 Town Watch
29:51 Treadmill Crane
30:56 Chain Mail Armor
30:24 Man-at-Arms
31:07 Squires
31:24 Long Swordsman
32:54 Iron Casting
32:24 Two-Handed Swordsman
33:51 Coinage
33:31 Guilds
33:08 Champion
34:55 Blast Furnace
34:28 Anarchy
34:29 Perfusion
34:49 Conscription
37:43 Banking
37:14 Caravan
38:53 Elite Huskarl
39:56 Sappers
45:13 Two-Man Saw
44:00 Pikeman
44:37 Halberdier
67:20 Fletching
68:00 Capped Ram
68:07 Capped Ram
Clandestine
8:34 Loom
11:10 Feudal Age
12:34 Feudal Age
13:49 Double-Bit Axe
17:34 Castle Age
23:09 Imperial Age
21:18 Bow Saw
23:26 Chemistry
22:37 Horse Collar
26:02 Wheelbarrow
28:48 Pikeman
31:56 Forging
34:52 Iron Casting
36:50 Houfnice
38:41 Squires
39:30 Scale Mail Armor
40:19 Halberdier
45:48 Two-Man Saw
45:42 Heavy Plow
46:00 Arson
47:06 Chain Mail Armor
47:31 Man-at-Arms
49:06 Crossbowman
49:38 Long Swordsman
54:52 Arbalester
55:23 Fletching
55:34 Padded Archer Armor
56:05 Plate Mail Armor
56:35 Blast Furnace
54:58 Two-Handed Swordsman
56:50 Hand Cart
62:30 Leather Archer Armor
62:11 Bodkin Arrow
65:01 Ring Archer Armor
64:31 Bracer
Я не понимаю
10:35 Feudal Age
15:36 Castle Age
13:44 Double-Bit Axe
14:52 Horse Collar
15:54 Gold Mining
17:57 Wheelbarrow
17:59 Bow Saw
19:29 Heavy Plow
22:14 Stone Mining
24:51 Hand Cart
25:39 Caravan
26:58 Gold Shaft Mining
31:12 Imperial Age
29:15 Forging
29:06 Scale Mail Armor
28:57 Fletching
29:38 Padded Archer Armor
30:13 Gambesons
30:28 Squires
30:41 Elite Skirmisher
33:07 Chemistry
32:03 Elite Samurai
33:12 Ballistics
32:47 Arson
33:54 Chain Mail Armor
33:35 Bodkin Arrow
33:56 Leather Archer Armor
34:16 Iron Casting
33:49 Scale Barding Armor
34:21 Heavy Cavalry Archer
35:35 Parthian Tactics
35:14 Onager
45:07 Two-Man Saw
58:56 Ring Archer Armor
62:08 Bracer
66:18 Pikeman
67:31 Plate Mail Armor
68:02 Blast Furnace
68:51 Halberdier
Dobby is FREE
11:05 Feudal Age
17:04 Castle Age
17:48 Double-Bit Axe
19:53 Gold Mining
19:46 Horse Collar
21:41 Wheelbarrow
21:53 Forging
26:32 Heavy Plow
26:45 Bow Saw
30:09 Imperial Age
28:00 Man-at-Arms
28:41 Squires
29:22 Iron Casting
29:31 Long Swordsman
30:26 Scale Mail Armor
31:59 Blast Furnace
30:22 Two-Handed Swordsman
32:57 Champion
32:59 Pikeman
36:17 Gold Shaft Mining
37:44 Chain Mail Armor
40:19 Plate Mail Armor
44:36 Druzhina
61:21 Loom
62:35 Town Watch
Preacher
11:35 Feudal Age
16:01 Castle Age
14:54 Double-Bit Axe
19:57 Horse Collar
25:41 Wheelbarrow
25:10 Heavy Plow
27:14 Scale Barding Armor
27:20 Forging
27:19 Husbandry
30:35 Hand Cart
33:30 Imperial Age
31:44 Caravan
34:33 Coinage
34:23 Cavalier
35:14 Bloodlines
35:39 Chain Barding Armor
36:31 Bow Saw
36:58 Iron Casting
37:29 Crop Rotation
37:30 Savar
39:06 Plate Barding Armor
39:32 Blast Furnace
59:47 Light Cavalry
61:09 Light Cavalry
63:55 Hussar
Demulon
11:15 Feudal Age
12:20 Double-Bit Axe
15:49 Castle Age
13:52 Horse Collar
17:43 Bow Saw
19:32 Wheelbarrow
19:54 Heavy Plow
20:26 Stone Mining
28:52 Imperial Age
27:48 Forging
27:39 Scale Mail Armor
27:44 Squires
30:51 Chemistry
30:05 Masonry
31:21 Iron Casting
31:01 Chain Mail Armor
33:24 Conscription
34:00 Hand Cart
33:31 Town Watch
34:17 Gold Mining
36:01 Torsion Engines
36:58 Caravan
36:46 Halberdier
37:13 Arson
39:17 Siege Engineers
40:26 Gold Shaft Mining
40:27 Stone Shaft Mining
51:25 Man-at-Arms
53:26 Plate Mail Armor
53:57 Blast Furnace
54:38 Long Swordsman
59:17 Two-Handed Swordsman
60:40 Elite Shotel Warrior
Connection lost

Rejoining the realm…

Still unreachable

The connection could not be restored.

Session expired

The server has moved on; the page needs a fresh start.